 Dungeon Crawl Stone Soup version 0.19.5 (webtiles) character file.

4195 Barra the Protected (level 10, -7/88 HPs)
             Began as a Minotaur Berserker on Mar 28, 2017.
             Was an Elder of Trog.
             Mangled by an orc warrior
             ... wielding a +0 short sword
              (12 damage)
             ... on level 9 of the Dungeon.
             The game lasted 00:24:03 (7043 turns).

Barra the Protected (Minotaur Berserker)            Turns: 7043, Time: 00:24:05

Health: -7/88      AC: 16    Str: 25    XL:     10   Next: 8%
Magic:  9/9        EV: 10    Int:  4    God:    Trog [****..]
Gold:   442        SH:  9    Dex: 10    Spells: 0 memorised, 9 levels left

rFire  . . .     SeeInvis .     u - +5 mace (venom)
rCold  . . .     Gourm    .     l - +0 chain mail
rNeg   . . .     Faith    .     y - +0 buckler
rPois  .         Spirit   .     (helmet restricted)
rElec  .         Reflect  +     (no cloak)
rCorr  .         Harm     .     F - +2 pair of gloves of the Last Songs {MR+}
MR     +++..                    B - +0 pair of boots
Stlth  ..........               n - +4 amulet of reflection
                                (no ring)
                                (no ring)

@: exhausted, regenerating
A: retaliatory headbutt, horns 2
a: Berserk, Trog's Hand, Brothers in Arms, Burn Spellbooks, Renounce Religion


You were on level 9 of the Dungeon.
You worshipped Trog.
Trog was greatly pleased with you.
You were not hungry.

You visited 1 branch of the dungeon, and saw 9 of its levels.

You collected 442 gold pieces.

Inventory:

Hand Weapons
 u - a +5 mace of venom (weapon)
Missiles
 f - 5 tomahawks (quivered)
Armour
 b - a +0 pair of gloves
 l - a +0 chain mail (worn)
 y - a +0 buckler (worn)
 B - a +0 pair of boots (worn)
 F - the +2 pair of gloves of the Last Songs (worn) {MR+}
   (You acquired it on level 9 of the Dungeon)

   It affects your resistance to hostile enchantments.
Jewellery
 n - a +4 amulet of reflection (around neck)
 x - an uncursed amulet of the gourmand
Wands
 a - a wand of disintegration (14/24)
 v - a wand of random effects (34/48)
Scrolls
 e - 3 scrolls of recharging
 h - 4 scrolls of teleportation
 k - 2 scrolls of enchant weapon
 m - a scroll of remove curse
 r - 3 scrolls of magic mapping
Potions
 d - 2 potions of berserk rage
 g - a potion of cancellation
 j - 5 potions of flight
 p - 2 potions of curing
 q - 2 potions of agility
 t - 2 potions of invisibility {unknown}
 w - a potion of might {unknown}
 z - a potion of cure mutation {unknown}
 A - 2 potions of haste {unknown}
 C - 4 potions of degeneration {unknown}
 D - a potion of magic {unknown}
Comestibles
 c - 2 bread rations
 i - 5 fruits
 s - a royal jelly
 E - a meat ration


   Skills:
 + Level 8.0 Fighting
   Level 8.5(9.4) Axes
 + Level 5.9(8.1) Maces & Flails
 + Level 0.6 Throwing
 * Level 9.1 Armour
 - Level 4.2 Dodging
 - Level 0.3 Stealth
 * Level 7.9 Shields


You had 9 spell levels left.
You didn't know any spells.

Dungeon Overview and Level Annotations

Branches:
Dungeon (9/15)             Temple (0/1) D:6
   Lair: D:8-11         Orc: D:9-12

Altars:
Nemelex Xobeh
Okawaru
Ru
Trog

Shops:
D:8 (?

Annotations:
D:5 nigger123's ghost, novice FeEn


Innate Abilities, Weirdness & Mutations

You reflexively headbutt those who attack you in melee.
You have a pair of horns on your head.


Message History

* * * LOW HITPOINT WARNING * * *
You barely miss the orc warrior.
The orc warrior is heavily wounded.
The orc warrior hits you with a short sword.
* * * LOW HITPOINT WARNING * * *
Your skin crawls.
You feel resistant to hostile enchantments.
You feel quite a bit more hungry.
The orc warrior hits you with a short sword.
* * * LOW HITPOINT WARNING * * *
You barely miss the orc warrior. Your headbutt misses the orc warrior.
The orc warrior is severely wounded.
You block the orc warrior's attack.
You closely miss the orc warrior. Your headbutt misses the orc warrior.
The orc warrior is severely wounded.
The orc priest calls down the wrath of Beogh upon you.
Beogh smites you!
* * * LOW HITPOINT WARNING * * *
The orc warrior hits you with a short sword!
You die...

#....####.........####....####
#.....)<'.........'...........
##..(####.........####...#####
##.## ##.......## #..## #.#
##.ooo.## #.##### #.# ##{oo##
#.....# # #.# ##K## #####.# #
#.# #o# #.# # #.#########@#
#.# # #.#.........#### #.# #
#......###.....#########.# #
###.##.##................# #
#.##.........########### #
#.######..#### # #........## #
##########


You could see an orc warrior, 2 orc priests, 3 orcs and a kobold.

Vanquished Creatures
  Joseph (D:9)
  A troll (D:9)
  The ghost of harcile the Gusty, an amateur HEAE (D:4)
  Sigmund (D:2)
  A water moccasin (D:8)
  2 ice beasts
  2 sky beasts
  A hornet zombie (D:7)
  A necrophage (D:9)
  2 orc warriors
  2 phantoms
  3 ogres
  A black bear (D:8)
  2 centaurs
  5 bullfrogs
  3 scorpions
  4 killer bees (D:8)
  5 crimson imps
  A centaur zombie (D:7)
  2 bullfrog skeletons
  3 centaur skeletons
  4 orc priests
  2 hounds (D:7)
  8 orc wizards
  3 iguanas
  4 worker ants
  A killer bee zombie (D:9)
  7 gnolls
  9 adders
  An ooze (D:4)
  2 adder skeletons (D:5)
  3 worms
  5 dart slugs
  7 leopard geckos
  22 orcs
  2 ball pythons
  2 giant cockroaches
  4 goblins
  8 hobgoblins
  7 jackals
  4 quokkas
  7 bats
  4 frilled lizards
  6 kobolds
  2 rats
168 creatures vanquished.

Vanquished Creatures (others)
  A kobold (D:1)
1 creature vanquished.

Grand Total: 169 creatures vanquished

Notes
Turn   | Place    | Note
-------+----------+-------------------------------------------
     0 | D:1      | Barra the Minotaur Berserker began the quest for the Orb.
     0 | D:1      | Reached XP level 1. HP: 19/19 MP: 0/0
   333 | D:1      | Reached XP level 2. HP: 27/27 MP: 1/1
   431 | D:1      | Found an iron altar of Okawaru.
   917 | D:2      | Reached XP level 3. HP: 33/33 MP: 2/2
   967 | D:2      | Reached ** piety under Trog
  1388 | D:2      | Reached XP level 4. HP: 38/41 MP: 3/3
  1663 | D:2      | Noticed Sigmund
  1677 | D:2      | Killed Sigmund
  1677 | D:2      | Reached skill level 5 in Fighting
  1677 | D:2      | Reached skill level 5 in Axes
  1677 | D:2      | Reached XP level 5. HP: 31/48 MP: 4/4
  1932 | D:3      | Reached skill level 3 in Armour
  1932 | D:3      | Reached XP level 6. HP: 44/56 MP: 5/5
  2401 | D:4      | Noticed harcile's ghost (amateur HEAE)
  2410 | D:4      | Killed harcile's ghost
  2410 | D:4      | Reached XP level 7. HP: 61/61 MP: 6/6
  2865 | D:5      | Entered Level 5 of the Dungeon
  2972 | D:5      | Reached skill level 1 in Shields
  3269 | D:5      | Reached *** piety under Trog
  3269 | D:5      | Reached skill level 4 in Armour
  3580 | D:5      | Reached XP level 8. HP: 70/70 MP: 7/7
  3593 | D:5      | Noticed nigger123's ghost (novice FeEn)
  3723 | D:5      | Reached skill level 5 in Armour
  4323 | D:6      | Found a staircase to the Ecumenical Temple.
  4935 | D:7      | Reached skill level 6 in Armour
  5091 | D:7      | Reached skill level 1 in Maces & Flails
  5091 | D:7      | Reached skill level 5 in Shields
  5206 | D:7      | Reached skill level 7 in Armour
  5415 | D:8      | Reached XP level 9. HP: 78/78 MP: 8/8
  5523 | D:8      | Reached **** piety under Trog
  5696 | D:8      | Found Oskoogiu's Magic Scroll Shoppe.
  6104 | D:8      | Found Osipuyggo's Weapon Emporium.
  6113 | D:8      | Reached skill level 5 in Maces & Flails
  6124 | D:8      | Reached skill level 8 in Armour
  6125 | D:8      | Found a bloodstained altar of Trog.
  6127 | D:8      | Found a sacrificial altar of Ru.
  6131 | D:8      | Found a sparkling altar of Nemelex Xobeh.
  6329 | D:9      | Noticed a troll
  6340 | D:9      | Killed a troll
  6788 | D:9      | Identified a scroll of acquirement
  6789 | D:9      | Got a pair of ichor-stained gloves
  6800 | D:9      | Identified the +2 pair of gloves of the Last Songs {MR+} (You acquired it on level 9 of the Dungeon)
  6985 | D:9      | Noticed Joseph
  6997 | D:9      | Killed Joseph
  6997 | D:9      | Reached skill level 9 in Armour
  6997 | D:9      | Reached XP level 10. HP: 88/88 MP: 9/9
  7043 | D:9      | Mangled by an orc warrior

Skill      XL: |  1  2  3  4  5  6  7  8  9 |
---------------+----------------------------+-----
Axes           | 4 5 6 7 8 |  8.5
Fighting       | 4 5 6 8 |  8.0
Dodging        | 3 4 |  4.2
Armour         | 3 4 7 9 |  9.1
Shields        | 3 5 7 |  7.9
Maces & Flails | 2 5 |  5.9
Throwing       | |  0.6
Stealth        | |  0.3

Action                   |  1- 3 |  4- 6 |  7- 9 | 10-12 || total
-------------------------+-------+-------+-------+-------++-------
Melee: Hand axe          |    79 |    74 |   207 |       ||   360
       Headbutt          |    11 |    12 |    69 |     1 ||    93
       Mace              |       |       |   215 |    13 ||   228
Throw: Tomahawk          |       |       |     8 |       ||     8
Invok: Berserk           |       |     2 |     3 |       ||     5
       Trog's Hand       |       |       |     2 |     1 ||     3
  Use: Scroll            |     9 |     3 |    16 |       ||    28
       Potion            |       |       |     4 |     1 ||     5
  Eat: Chunk             |     2 |     3 |     3 |       ||     8
       Bread ration      |       |       |     4 |       ||     4
       Beef jerky        |       |       |     1 |       ||     1
Armor: Animal skin       |    17 |     3 |       |       ||    20
       Leather armour    |       |     2 |    24 |       ||    26
       Scale mail        |       |       |    29 |       ||    29
       Chain mail        |       |       |    94 |     5 ||    99
Dodge: Dodged            |    46 |    39 |   127 |     3 ||   215
Block: Other             |     6 |    16 |       |       ||    22
       Reflection        |     1 |     1 |     4 |       ||     6
       Buckler           |       |       |   139 |     9 ||   148
